 Dungeon Crawl Stone Soup version 0.28-a0-48-gfd831c5874 (webtiles) character file.

Game seed: 8974690992318660566

547 Zeld the Chiller (level 7, -5/39 HPs)
             Began as a Deep Elf Ice Elementalist on July 29, 2021.
             Slain by an unseen horror (8 damage)
             ... on level 5 of the Dungeon.
             The game lasted 00:27:16 (8866 turns).

Zeld the Chiller (Deep Elf Ice Elementalist)        Turns: 8866, Time: 00:27:17

Health: -5/39      AC:  3    Str:  5    XL:     7   Next: 7%
Magic:  16/16      EV: 13    Int: 22    God:
Gold:   197        SH:  0    Dex: 15    Spells: 4/15 levels left

rFire   . . .      SeeInvis .   b - +2 dagger (drain)
rCold   . . .      Faith    .   (no shield)
rNeg    . . .      Spirit   .   c - +0 robe
rPois   .          Reflect  .   s - +0 helmet
rElec   .          Harm     .   (no cloak)
rCorr   .          Rampage  .   (no gloves)
Will    .....                   (no boots)
Stlth   +++.......              i - amulet of regeneration
HPRegen 1.13/turn               q - ring of flight
MPRegen 0.15/turn               (no ring)

@: flying
A: no striking features
a: no special abilities


You were on level 5 of the Dungeon.
You visited 2 branches of the dungeon, and saw 6 of its levels.
You also visited: Ossuary.

You collected 197 gold pieces.

Inventory:

Hand Weapons
 a - a +2 dagger of venom
 b - a +2 dagger of draining (weapon)
Armour
 c - a +0 robe (worn)
 s - a +0 helmet (worn)
Jewellery
 i - an amulet of regeneration (around neck)
 q - a ring of flight (left hand)
 E - a ring of protection from cold
Wands
 r - a wand of flame (18)
 t - a wand of charming (1)
 y - a wand of iceblast (3)
 B - a wand of digging (3)
Scrolls
 d - 2 scrolls of identify {unknown}
 e - 5 scrolls of teleportation {unknown}
 l - 2 scrolls of enchant weapon {unknown}
 m - 3 scrolls of fog {unknown}
 p - a scroll of fear {unknown}
 v - 2 scrolls of immolation {unknown}
 x - a scroll of noise {unknown}
 D - a scroll of amnesia {unknown}
Potions
 f - 2 potions of curing {unknown}
 g - 2 potions of brilliance {unknown}
 h - a potion of flight {unknown}
 j - 2 potions of heal wounds {unknown}
 k - 3 potions of mutation {unknown}
 n - 2 potions of attraction {unknown}
 o - a potion of degeneration {unknown}
 u - 2 potions of haste {unknown}
 w - a potion of ambrosia {unknown}
 z - a potion of resistance {unknown}
 A - 3 potions of cancellation {unknown}
 C - 4 potions of lignification {unknown}


   Skills:
 + Level 1.9 Fighting
 + Level 4.1 Dodging
 + Level 4.4 Stealth
 + Level 4.7 Spellcasting
 * Level 2.7 Conjurations
 * Level 6.1 Ice Magic
 - Level 0.5 Evocations


You had 4 spell levels left.
You knew the following spells:

 Your Spells              Type           Power      Damage    Failure   Level
a - Freeze                Ice            100%       1d11      1%          1
b - Frozen Ramparts       Ice            64%        1d8       2%          3
c - Ozocubu's Armour      Ice            32%        N/A       2%          3
d - Hailstorm             Conj/Ice       24%        3d7       17%         4

Your spell library contained the following spells:

 Spells                   Type           Power      Damage    Failure   Level
 Sandblast                Erth           10%        2d5       11%         1
 Blink                    Tloc           N/A        N/A       16%         2
 Passwall                 Tmut/Erth      4%         N/A       16%         2
 Stone Arrow              Conj/Erth      22%        3d8       19%         3
 Lesser Beckoning         Tloc           2%         N/A       30%         3
 Swiftness                Air            5%         N/A       30%         3
 Metabolic Englaciation   Hex/Ice        9%         N/A       63%         5
 Bolt of Magma            Conj/Fire/Erth 4%         4d5       89%         5
 Lee's Rapid Deconstruct  Erth           2%         3d6*      96%         5
 Manifold Assault         Tloc           5%         N/A       96%         5
 Simulacrum               Ice/Necr       9%         N/A       99%         6
 Invisibility             Hex            2%         N/A       100%        6
 Shatter                  Erth           2%         3d6*      100%        9


Dungeon Overview and Level Annotations

Branches:
Dungeon (5/15)             Temple (1/1) D:4         Ossuary (visited)

Altars:
Ashenzari
Dithmenos
Elyvilon
Fedhas
Gozag
Hepliaklqana
Nemelex Xobeh
Qazlal
Ru
Trog
Uskayaw
Vehumet
Xom
Yredelemnul
Zin
The Shining One

Shops:
D:5 =(

Annotations:
D:3 2 transporters, Cheivey's ghost, weakling GrFi


Message History

Something barely misses you.
There is a shaft here.
Something hits you!
Deactivating autopickup; reactivate with Ctrl-A.
Found 11 gold pieces.
Something hits you! Something barely misses you.
There is a shaft here.
Something hits you. Something hits you. Something hits you!
* * * LOW HITPOINT WARNING * * *
Okay, then.
Okay, then.
Aiming: Charm
Press: ? - help, Shift-Dir - straight line Nothing appears to happen.
Something hits you.
* * * LOW HITPOINT WARNING * * *
Unknown command.
Aiming: Iceblast
Press: ? - help, Shift-Dir - straight line, f - you
Okay, then.
Aiming: Charm
Press: ? - help, Shift-Dir - straight line Nothing appears to happen.
Something barely misses you.
Unknown command.
Aiming: Charm
Press: ? - help, Shift-Dir - straight line Nothing appears to happen.
Something hits you.
* * * LOW HITPOINT WARNING * * *
Unknown command.
Aiming: Charm
Press: ? - help, Shift-Dir - straight line Nothing appears to happen.
Something hits you.
* * * LOW HITPOINT WARNING * * *
Aiming: Charm
Press: ? - help, Shift-Dir - straight line Nothing appears to happen.
Something hits you.
* * * LOW HITPOINT WARNING * * *
Something hits you!
You die...

.## +...............##.# ..
... ##.##.......>...# . .#...
#...............# ...#
#.........8...8... ..###
#.###.........#.### ##.....
.. #.........#.# ...# ## #
###.......#.#### ...+
#.###.......#..... ...#
###.#..@...^........ ...#
#......######....... ...#
#.#................$
.∩.#######.#..#.########.....
#.........[...#.# .....
#.########.#. #.###### ....
............. #......# ..###
#'###..###.# #####.## ...#
.......# #.# #####'###...#


There were no monsters in sight!

Vanquished Creatures
  A howler monkey (D:4)
  An orc priest (Temple)
  A hound (D:4)
  An orc wizard (D:3)
  Natasha (thrice) (D:3)
  A hound skeleton (D:5)
  11 mummies (Ossuary)
  Robin (D:2)
  4 gnolls
  An adder (D:4)
  An adder skeleton (D:4)
  2 worms (D:2)
  2 dart slugs (D:1)
  7 orcs
  5 ball pythons
  3 bats (D:1)
  5 endoplasms
  6 giant cockroaches
  14 goblins
  14 hobgoblins
  10 jackals
  10 kobolds
  A quokka (D:4)
  5 frilled lizards
  2 gnoll skeletons (Ossuary)
  A gnoll zombie (D:4)
  2 kobold skeletons (Ossuary)
  4 orc skeletons (Ossuary)
  13 rats
  11 rat skeletons (Ossuary)
143 creatures vanquished.

Notes
Turn   | Place    | Note
-------+----------+-------------------------------------------
     0 | D:1      | Zeld the Deep Elf Ice Elementalist began the quest for the
                  | Orb.
     0 | D:1      | Reached XP level 1. HP: 10/10 MP: 6/6
   117 | D:1      | Reached XP level 2. HP: 16/16 MP: 4/8
   184 | D:1      | You fall into a shaft and drop 1 floor!
   514 | D:2      | Noticed Robin
   701 | D:2      | Reached XP level 3. HP: 19/20 MP: 6/9
   714 | D:2      | Learned a level 3 spell: Frozen Ramparts
   863 | D:1      | Learned a level 3 spell: Ozocubu's Armour
  1101 | D:1      | Reached skill level 5 in Ice Magic
  1276 | D:1      | Found a faded altar of an unknown god.
  1656 | D:2      | Reached skill level 1 in Fighting
  1656 | D:2      | Reached XP level 4. HP: 14/25 MP: 5/11
  2320 | D:2      | Killed Robin
  2683 | D:3      | Found a transporter.
  2691 | D:3      | Found a transporter.
  2797 | D:3      | Noticed an ogre
  2797 | D:3      | Identified the +2 great mace "Maf Anax" {vorpal, *Slow rN+
                  | Int+5 SInv}
  2797 | D:3      | Noticed an ogre
  2798 | D:3      | Noticed Cheivey's ghost (weakling GrFi)
  2805 | D:3      | Noticed Natasha
  2808 | D:3      | Killed Natasha
  2809 | D:3      | Reached XP level 5. HP: 17/29 MP: 5/13
  3045 | D:3      | Learned a level 4 spell: Hailstorm
  3285 | D:3      | Noticed Natasha
  3305 | D:3      | Killed Natasha
  3376 | D:3      | Noticed Natasha
  3386 | D:3      | Killed Natasha
  3483 | D:3      | Reached skill level 1 in Conjurations
  3975 | D:4      | Reached XP level 6. HP: 34/34 MP: 11/14
  4113 | D:4      | Found a sand-covered staircase.
  4122 | Ossuary  | Entered an ossuary
  6000 | Ossuary  | Reached skill level 6 in Ice Magic
  6906 | D:4      | Found a staircase to the Ecumenical Temple.
  6920 | Temple   | Entered the Ecumenical Temple
  7236 | Temple   | Reached XP level 7. HP: 20/39 MP: 0/16
  7915 | D:5      | Entered Level 5 of the Dungeon
  7915 | D:5      | Found Qousuwk's Weapon Emporium.
  8777 | D:5      | Found Cima's Jewellery Shoppe.
  8866 | D:5      | Slain by an unseen horror

Illustrated notes

Levels and vault maps discovered:
D:1:      tarquinn_simple_flora_water_c, layout_loops_ring,
          basic_ecumenical_altar, minmay_vboxes
D:2:      layout_loops_cross, hangedman_decor_push, uniq_robin
D:3:      layout_loops_ring, gammafunk_ghost_smash, corexii_hall_statues_i,
          uniq_natasha
D:4:      layout_layer_cave, minmay_temple_entry_mini_moons, enter_ossuary_3,
          grunt_tough_drop
D:5:      layout_basic, nicolae_kikubaaqudgha_miasma_corner, serial_shops,
          kennysheep_mini_moat, shop, nicolae_stop_n_shop_1, shop
Temple:   eino_temple_rhombus

Skill      XL: |  1  2  3  4  5  6 |
---------------+-------------------+-----
Stealth        | 3 4 |  4.4
Ice Magic      | 5 6 |  6.1
Dodging        | 3 4 |  4.1
Fighting       | 1 |  1.9
Spellcasting   | 4 |  4.7
Conjurations   | 1 2 |  2.7
Evocations     | |  0.5

Action                   |  1- 3 |  4- 6 |  7- 9 || total
-------------------------+-------+-------+-------++-------
Melee: Dagger            |     7 |    47 |    16 ||    70
 Cast: Freeze            |    61 |   199 |    24 ||   284
       Frozen Ramparts   |     1 |    18 |     1 ||    20
       Ozocubu's Armour  |       |     1 |       ||     1
       Hailstorm         |       |     1 |       ||     1
Evoke: Wand              |       |       |     5 ||     5
 Stab: Sleeping          |       |     1 |       ||     1
       Distracted        |       |     1 |       ||     1
Armor: Robe              |     9 |    29 |    22 ||    60
Dodge: Dodged            |    24 |   101 |    69 ||   194

Table legend: (Time is in decaauts)
 A = Elapsed time spent in this place.
 B = Non-inter-level travel time spent in this place.
 C = Inter-level travel time spent in this place.
 D = Time resting spent in this place.
 E = Time spent auto-exploring this place.
 F = Levels seen in this place.
 G = Mean time per level.
                   A        B        C        D        E       F      G
               +--------+--------+--------+--------+--------+-----+--------+
         Total |   8871 |   8569 |    302 |   3808 |   3440 |   7 | 1267.3 |
       Dungeon |   5942 |   5650 |    292 |   1609 |   2965 |   5 | 1188.4 |
        Temple |    288 |    278 |     10 |     39 |    219 |   1 |  288.0 |
       Ossuary |   2639 |   2639 |      0 |   2160 |    256 |   1 | 2639.0 |
               +--------+--------+--------+--------+--------+-----+--------+

Top non-repeatable levels by time:
 Ossuary: 2639 daAuts
     D:4: 1959 daAuts
     D:2: 1461 daAuts
     D:3: 1290 daAuts
     D:1: 1017 daAuts
  Temple: 288 daAuts
     D:5: 213 daAuts
